 Dungeon Crawl Stone Soup version 0.22.1-2-g9c5b331 (webtiles) character file.

613 Matador8 the Digger (level 7, 0/48 HPs)
             Began as a Human Earth Elementalist on Dec 19, 2018.
             Was a Follower of Dithmenos.
             Succumbed to an orc's poison
             ... on level 4 of the Dungeon.
             The game lasted 00:29:11 (4302 turns).

Matador8 the Digger (Human Earth Elementalist)      Turns: 4302, Time: 00:29:12

Health: 0/48       AC:  5    Str: 10    XL:     7   Next: 73%
Magic:  6/12       EV: 10    Int: 16    God:    Dithmenos [*.....]
Gold:   195        SH:  0    Dex: 13    Spells: 7/13 levels left

rFire    . . .     SeeInvis .   n - +3 flail
rCold    . . .     Gourm    .   (no shield)
rNeg     . . .     Faith    .   m - +0 ring mail
rPois    .         Spirit   .   (no helmet)
rElec    .         Reflect  .   (no cloak)
rCorr    .         Harm     .   (no gloves)
MR       .....                  (no boots)
Stlth    +.........             (no amulet)
HPRegen  0.16/turn              (no ring)
MPRegen  0.13/turn              (no ring)

@: lethally poisoned (0 -> -16), hasted, wreathed by umbra, very quick
A: no striking features
a: Renounce Religion


You were on level 4 of the Dungeon.
You worshipped Dithmenos.
Dithmenos was aware of your devotion.
You were very hungry.

You visited 1 branch of the dungeon, and saw 4 of its levels.

You collected 195 gold pieces.

Inventory:

Hand Weapons
 n - a +3 flail (weapon)
 w - a +0 blowgun
Missiles
 b - 53 stones (quivered)
 e - 34 sling bullets
 q - 7 poisoned tomahawks
 v - 21 poisoned needles
Armour
 c - a +0 robe
 i - a +0 scale mail
 m - a +0 ring mail (worn)
Jewellery
 g - an uncursed amulet of the gourmand {unknown}
 t - an uncursed ring of flight {unknown}
 x - a cursed ring of protection from magic {unknown}
Wands
 y - a wand of acid (4)
Scrolls
 a - a scroll of enchant weapon {unknown}
 h - a scroll of immolation {unknown}
 l - 5 scrolls of identify {unknown}
 p - 4 scrolls of remove curse {unknown}
 r - a scroll of fear {unknown}
 u - a scroll of teleportation {unknown}
Potions
 f - a potion of degeneration {unknown}
 j - 2 potions of curing {unknown}
 k - a potion of lignification {unknown}
 o - 2 potions of haste
 s - a potion of flight {unknown}
Comestibles
 d - 3 rations


   Skills:
 - Level 1.5 Fighting
 + Level 3.1 Maces & Flails
 - Level 2.0 Dodging
 - Level 2.0 Stealth
 + Level 3.9 Spellcasting
 - Level 1.0 Transmutations
 - Level 6.1 Earth Magic
 + Level 1.4 Invocations


You had 7 spell levels left.
You knew the following spells:

 Your Spells              Type           Power        Failure   Level  Hunger
a - Sandblast             Erth           ###...       3%          1    None
b - Passwall              Tmut/Erth      ##......     16%         2    ##.....
c - Stone Arrow           Conj/Erth      ##....       36%         3    ###....

Your spell library contained the following spells:

 Spells                   Type           Power        Failure   Level  Hunger
 Lee's Rapid Deconstruct  Erth           ###.......   69%         5    ######.
 Petrify                  Tmut/Erth      ##......     71%         4    ####...


Dungeon Overview and Level Annotations

Branches:
Dungeon (4/15)             Temple (0/1) D:4

Altars:
Dithmenos
Gozag
Zin


Message History

You feel sick.
The orc hits you with a dagger of venom.
* * * LOW HITPOINT WARNING * * *
You are more poisoned.
You finish merging with the rock.
* * * LOW HITPOINT WARNING * * *
You feel sick.
Your magical contamination has completely faded away.
* * * LOW HITPOINT WARNING * * *
You feel sick.
* * * LOW HITPOINT WARNING * * *
You feel sick.
* * * LOW HITPOINT WARNING * * *
You feel sick.
* * * LOW HITPOINT WARNING * * *
You feel sick.
* * * LOW HITPOINT WARNING * * *
You feel sick.
It was a potion of haste.
You feel yourself speed up.
You die...

#................#..##
≈≈o≈≈≈#.##.#...#.#####......
....#≈#.##.#...#.# ##.....#
.....≈..##.#...#o# ##.......
.....≈..##.#...#.# #........
.>...≈..##.#...#.# #........
.....≈..##.......# #........
.%...≈..####...### #........
... #)#..@...# #........
≈≈≈≈ #.%.###..# #........
....###..)#....#####........
..........#.................
....#..........#####......<.
.#.##..........# #........
#.......##.##.# #.......#
#.......##....### #.#####.#
#..##.#.#.......# #.# #.#


There were no monsters in sight!

Vanquished Creatures
  2 vampire bats (D:3)
  A jelly (D:2)
  5 orc wizards
  A worker ant (D:4)
  8 gnolls
  9 adders
  8 oozes
  An adder skeleton (D:4)
  4 worms
  3 dart slugs (D:1)
  4 leopard geckos
  6 orcs
  A ball python (D:2)
  11 bats
  9 goblins
  6 hobgoblins
  18 jackals
  15 kobolds
  4 quokkas
  5 frilled lizards
  11 rats
132 creatures vanquished.

Vanquished Creatures (others)
  9 toadstools (D:2)
9 creatures vanquished.

Grand Total: 141 creatures vanquished

Notes
Turn   | Place    | Note
-------+----------+-------------------------------------------
     0 | D:1      | Matador8 the Human Earth Elementalist began the quest for
                  | the Orb.
     0 | D:1      | Reached XP level 1. HP: 13/13 MP: 3/3
   123 | D:1      | Reached XP level 2. HP: 16/20 MP: 3/5
   236 | D:1      | Learned a level 2 spell: Passwall
   297 | D:1      | Reached skill level 1 in Fighting
   609 | D:1      | Reached XP level 3. HP: 20/26 MP: 3/6
  1042 | D:1      | Learned a level 3 spell: Stone Arrow
  1280 | D:1      | Reached skill level 4 in Earth Magic
  1282 | D:1      | Reached XP level 4. HP: 32/32 MP: 2/7
  1319 | D:2      | Reached XP level 5. HP: 19/37 MP: 0/8
  1478 | D:2      | Reached skill level 1 in Maces & Flails
  1791 | D:2      | Found an opulent altar of Gozag.
  2168 | D:2      | Reached skill level 5 in Earth Magic
  2170 | D:2      | Reached XP level 6. HP: 32/43 MP: 7/10
  2933 | D:3      | Found a shadowy altar of Dithmenos.
  2960 | D:3      | Became a worshipper of Dithmenos the Shadowed
  3055 | D:3      | Reached XP level 7. HP: 34/48 MP: 2/12
  3147 | D:3      | Found a glowing silver altar of Zin.
  3319 | D:3      | Reached skill level 6 in Earth Magic
  3406 | D:3      | Reached * piety under Dithmenos
  4047 | D:4      | Reached skill level 1 in Invocations
  4241 | D:4      | Found a staircase to the Ecumenical Temple.
  4301 | D:4      | HP: 1/48 [poisoned by an orc]
  4302 | D:4      | Succumbed to an orc's poison

Skill      XL: |  1  2  3  4  5  6  7 |
---------------+----------------------+-----
Fighting       | 1 |  1.5
Earth Magic    | 4 5 6 |  6.1
Maces & Flails | 1 2 3 |  3.1
Spellcasting   | 3 |  3.9
Invocations    | 1 |  1.4
Dodging        | |  2.0
Stealth        | |  2.0
Transmutations | |  1.0

Action                   |  1- 3 |  4- 6 |  7- 9 || total
-------------------------+-------+-------+-------++-------
Melee: Mace              |    52 |       |       ||    52
       Flail             |       |   162 |    74 ||   236
 Cast: Sandblast         |    14 |    31 |    25 ||    70
       Passwall          |     2 |       |     1 ||     3
       Stone Arrow       |       |     2 |       ||     2
  Use: Potion            |       |       |     1 ||     1
 Stab: Sleeping          |     2 |       |     2 ||     4
  Eat: Chunk             |     1 |     7 |     3 ||    11
Armor: Robe              |     8 |     3 |       ||    11
       Ring mail         |       |    70 |    52 ||   122
Dodge: Dodged            |    41 |   112 |    73 ||   226
